 Dungeon Sprint DCSS version 0.20.1-1-g8b1a95d (webtiles) character file.

900000 Cral the Hoplite (level 14, -48/138 HPs)
             Began as a Formicid Fighter on July 15, 2017.
             Was a Follower of Makhleb.
             Annihilated by a meat berserker
             ... wielding a +9 battleaxe
              (55 damage)
             ... in the Dungeon (Sprint VIII: "Arena of Blood").
             The game lasted 00:00:15 (9 turns).

Cral the Hoplite (Formicid Fighter)                    Turns: 9, Time: 00:00:15

Health: -48/138    AC: 11    Str: 21    XL:     14   Next: 39%
Magic:  14/14      EV: 10    Int:  9    God:    Makhleb [*.....]
Gold:   0          SH: 17    Dex: 14    Spells: 13/13 levels left

rFire    . . .     SeeInvis +   l - +∞ Axe of Woe
rCold    . . .     Gourm    .   c - +0 shield
rNeg     . . .     Faith    .   b - +0 scale mail
rPois    .         Spirit   .   (helmet unavailable)
rElec    .         Reflect  .   (no cloak)
rCorr    .         Harm     .   (no gloves)
MR       +....                  (no boots)
Stlth    ..........             (no amulet)
Regen    0.4/turn               (no ring)
MPRegen  0.2/turn               (no ring)

@: no status effects
A: permanent stasis, dig shafts and tunnels, four strong arms, antennae 3
a: Dig, Renounce Religion


You were in the Dungeon.
You worshipped Makhleb.
Makhleb was aware of your devotion.
You were not hungry.

You visited 1 branch

Inventory:

Hand Weapons
 a - a +0 war axe
 l - the +∞ Axe of Woe (weapon)
   (You found it in the Dungeon)
Armour
 b - a +0 scale mail (worn)
 c - a +0 shield (worn)
Scrolls
 k - a scroll of blinking
Potions
 d - a potion of might
 e - a potion of curing
 g - a potion of heal wounds
 h - a potion of haste
 i - 2 potions of magic
 j - a potion of berserk rage
Comestibles
 f - a bread ration


   Skills:
 + Level 21.3 Fighting
 + Level 13.0 Axes
 + Level 21.0 Armour
 + Level 22.1 Shields


You had 13 spell levels left.
You didn't know any spells.

Dungeon Overview and Level Annotations

Branches:
Dungeon (1/1)

Altars:
Makhleb


Innate Abilities, Weirdness & Mutations

You cannot be hasted, slowed, berserked, paralysed or teleported.
You can dig through walls and to a lower floor.
Your four strong arms can wield two-handed weapons with a shield.
You have a pair of large antennae on your head. (SInv)


Message History

Your Fighting skill gained 2 levels and is now at level 19!
Your Axes skill gained 2 levels and is now at level 11!
Your Armour skill gained 2 levels and is now at level 19!
Your Shields skill gained 2 levels and is now at level 20!
You have reached level 13!
You slice the bag of meat!! You chop the bag of meat into pieces.
You kill the bag of meat!
Makhleb accepts your kill.
Your Fighting skill gained 2 levels and is now at level 21!
Your Axes skill gained 2 levels and is now at level 13!
Your Armour skill gained 2 levels and is now at level 21!
Your Shields skill gained 2 levels and is now at level 22!
You have reached level 14!
The meat berserker rages.
You hear a shout! x10
The meat berserker hits you with a +9 battleaxe!!!
* * * LOW HITPOINT WARNING * * *
You hear a shout! x3
The meat berserker hits you with a +9 battleaxe!!!
You die...

.......###......
........_.....
.... #o....# .
.....#_.<._# ...
.....#.....#....
........_.......
.......#.#......
.###..O)...###.
#.)@o...#
#..O....#
.......o.....
..........o....
...o...........#
...o..o.....o##.
...#.oo.....#..
.o...o....O.#o.


You could see a large bag of meat (inner flame), 2 meat berserkers and 13 bags
of meat.

Vanquished Creatures
  3 orcs (D)
3 creatures vanquished.

Notes
Turn   | Place    | Note
-------+----------+-------------------------------------------
     0 | D        | Cral the Formicid Fighter began the quest for the Orb.
     0 | D        | Reached XP level 1. HP: 18/18 MP: 1/1
     3 | D        | Noticed a bag of meat
     3 | D        | Noticed a bag of meat
     4 | D        | Noticed a bag of meat
     4 | D        | Became a worshipper of Makhleb the Destroyer
     5 | D        | Noticed a bag of meat
     7 | D        | Noticed a bag of meat
     7 | D        | Noticed a bag of meat
     7 | D        | Noticed a meat berserker
     7 | D        | Noticed a meat berserker
     8 | D        | Noticed a bag of meat
     8 | D        | Noticed a bag of meat
     8 | D        | Noticed a bag of meat
     8 | D        | Killed a bag of meat
     8 | D        | Reached skill level 18 in Shields
     8 | D        | Reached XP level 2. HP: 24/47 MP: 2/2
     8 | D        | Reached XP level 3. HP: 27/53 MP: 3/3
     8 | D        | Reached XP level 4. HP: 31/60 MP: 4/4
     8 | D        | Reached XP level 5. HP: 34/67 MP: 5/5
     8 | D        | Reached XP level 6. HP: 38/74 MP: 6/6
     8 | D        | Reached XP level 7. HP: 41/80 MP: 7/7
     8 | D        | Reached XP level 8. HP: 45/87 MP: 8/8
     8 | D        | Reached XP level 9. HP: 49/94 MP: 9/9
     8 | D        | Reached XP level 10. HP: 52/101 MP: 10/10
     8 | D        | Reached XP level 11. HP: 55/107 MP: 11/11
     8 | D        | Reached XP level 12. HP: 59/114 MP: 12/12
     9 | D        | Noticed a bag of meat
     9 | D        | Noticed a bag of meat
     9 | D        | Noticed a bag of meat
     9 | D        | Noticed a bag of meat
     9 | D        | Noticed a bag of meat
     9 | D        | Killed a bag of meat
     9 | D        | Reached * piety under Makhleb
     9 | D        | Reached skill level 20 in Shields
     9 | D        | Reached XP level 13. HP: 44/127 MP: 13/13
     9 | D        | Killed a bag of meat
     9 | D        | Reached skill level 22 in Shields
     9 | D        | Reached XP level 14. HP: 48/138 MP: 14/14
     9 | D        | Annihilated by a meat berserker

Skill      XL: |  1  2  3  4  5  6  7  8  9 10 11 12 13 |
---------------+----------------------------------------+-----
Fighting       | 17 19 21 | 21.3
Axes           | 9 11 13 | 13.0
Armour         | 17 19 21 | 21.0
Shields        | 18 20 22 | 22.1

Action                   |  1- 3 |  4- 6 |  7- 9 | 10-12 | 13-15 || total
-------------------------+-------+-------+-------+-------+-------++-------
Melee: Executioner's axe |     1 |       |       |     1 |       ||     2
 Abil: Dig               |     1 |       |       |       |       ||     1
Dodge: Dodged            |       |       |       |     1 |       ||     1
